Stars vs Barracuda

Created - 27 septembre 2023 at 20:29

Goals
1 2 3 T
Stars 1 3 2 6
Barracuda 1 2 0 3
Shots
1 2 3 T
Stars 4 14 13 31
Barracuda 16 25 2 43

GoalsPenalties
1st period
1. Barracuda , Rudolfs Balcers 5 (Alex Gallant 1, Maxim Marushev 1) at 8:32
2. Stars , Jayson Megna 3 (Chris Terry 5, Martin Frk 4) at 10:02
David Jiricek (S J) for High sticking (Minor) at 5:34
Max McCormick (S J) for Fighting (Major) at 12:07
Kevin Connauton (DAL) for Fighting (Major) at 12:07
Ilya Solovyov (DAL) for Roughing (Minor) at 19:10
2nd period
3. Stars , Chris Terry 3 (Jayson Megna 3) at 6:06
4. Stars , Jayson Megna 4 (Chris Terry 6, Martin Frk 5) at 9:14 (PP)
5. Barracuda , Mike Vecchione 3 (Elmer Soderblom 6) at 10:21 (PP)
6. Stars , Martin Frk 3 (Chris Terry 7, Jayson Megna 4) at 12:51 (PP)
7. Barracuda , Nikita Pavlychev 2 (Rudolfs Balcers 2, Kaden Fulcher) at 14:53
Elmer Soderblom (S J) for Hooking (Minor) at 9:08
Jesper Froden (DAL) for Interference (Minor) at 10:05
Elmer Soderblom (S J) for Hooking (Minor) at 12:43
Nikita Nesterenko (DAL) for High sticking (Minor) at 16:53
3rd period
8. Stars , Jayson Megna 5 (Chris Terry 8, Martin Frk 6) at 2:29 (PP)
9. Stars , Ethan Prow 1 (Nikita Nesterenko 2, Justin Brazeau 3) at 15:06
Kaiden Guhle (S J) for Slashing (Minor) at 2:21
Ryan Wagner (S J) for Fighting (Major) at 3:25
Ilya Solovyov (DAL) for Fighting (Major) at 3:25
Ilya Solovyov (DAL) for instigated a fight (Minor) at 3:25
Ilya Solovyov (DAL) for instigated a fight (10 Minutes Misconduct) at 3:25
Nikita Pavlychev (S J) for Goalie Interference (Minor) at 16:35
Goalie Stats
Dustin Tokarski (DAL), 40 saves from 43 shots - (0,930), W, 4-2-2, 60:00 minutes
Kaden Fulcher (S J), 15 saves from 17 shots - (0,882), 27:09 minutes
Michael Houser (S J), 10 saves from 14 shots - (0,714), L, 4-4-0, 32:51 minutes
3 StarsOfficial
1 - Jayson Megna (DAL)
2 - Chris Terry (DAL)
3 - Martin Frk (DAL)
Referees : Laura White and Francis Charron
Linesman : Sara Strong and Derek Morris
Game Note
Max McCormick and Kevin Connauton fight to a draw at 12:07 of 1st period
Kaden Fulcher enters game at 12:51 of 2nd period
Jayson Megna has scored a Hat Trick!
Ilya Solovyov beats up Ryan Wagner at 3:25 of 3rd period
13:25 of 3rd period - Barracuda goal is going for a video replay. After video review, No Goal. The goalkeeper has been pushed into the net together with the puck after making a save.



Team Name Goals Shots Shots Attemp Shots Blocked PIM HIT PP PK FO%
Stars 631581128243 / 5 (60%)148%
Barracuda 343721120181 / 4 (25%)352%

Stars
Player Name POS G A P +/- PIM HIT SHT SB MP PP MP PP SHT PK MP PK SHT FO% FOT GA TA
Adam BrooksC000-100008:090:0000:00050% 210
Calle RosenD000-2023116:080:4400:0000% 010
Chris TerryC/LW/RW1452023022:032:2303:39056% 3611
Drake CaggiulaLW/RW0000011017:180:3801:4800% 021
Eddie WittchowD000-2011016:190:1501:1000% 001
Ethan ProwD1013033225:332:2004:1700% 002
Ethen FrankRW000-100018:090:0000:0000% 000
Ilya SolovyovD00001900116:111:1600:4600% 001
Jayson MegnaC/LW/RW3252007122:052:2623:40067% 301
Jesper FrodenRW0000222013:131:0400:0000% 010
Joel L'EsperanceC/RW0000011113:370:2701:12027% 1100
Joona KoppanenC/LW000-100108:240:0000:1500% 101
Justin BrazeauRW0110052117:061:5201:2900% 100
Kevin ConnautonD0003513223:472:0304:1700% 001
Martin FrkRW1342012017:492:1810:00050% 220
Nikita NesterenkoC/LW0110212016:291:5200:23050% 800
Riley SheahanC/LW0000010011:310:0000:0000% 000
Ryan SheaD0000030119:512:0201:5600% 003
Barracuda
Player Name POS G A P +/- PIM HIT SHT SB MP PP MP PP SHT PK MP PK SHT FO% FOT GA TA
Alex GallantLW011001009:270:0300:5500% 030
Brandon BaddockC/LW000000003:170:0300:0000% 000
David JiricekD0000200112:150:0000:0000% 000
Dylan SambergD0000014228:504:0002:2700% 000
Elmer SoderblomC/LW0110414024:523:1312:08050% 3020
Kaiden GuhleD0000224228:494:0002:2700% 010
Max McCormickLW000-1506125:203:1022:08038% 803
Maxim MarushevC011000107:590:0000:00075% 400
Michael CallahanD0000000012:140:0000:0000% 001
Mike VecchioneC/RW1010038017:353:1321:18050% 211
Mitchell BalmasC000001004:120:0600:0000% 000
Nikita PavlychevC/LW/RW1010212119:352:5700:0000% 010
Pontus AndreassonC/LW000-1020012:520:0001:20033% 611
Rudolfs BalcersLW/RW1120028020:262:5700:510100% 121
Ryan WagnerLW000-1500010:230:0000:000100% 100
Tanner FritzC/LW/RW0000013119:352:5710:00058% 1200
Tyler KlevenD000-1001118:562:1301:5300% 001
William LagessonD000-1032218:562:1301:5300% 010

Stars

5 vs 5 Forward
Line #Left WingCenterRight WingPHYDFOFWanted %Time %Time Play
1Jayson MegnaChris TerryMartin Frk1223532%16:02
2Drake CaggiulaNikita NesterenkoJustin Brazeau1223028%13:45
3Riley SheahanJoel L'EsperanceJesper Froden1222523%11:31
4Joona KoppanenAdam BrooksEthen Frank1221016%8:09
5 vs 5 Defense
Line #DefenseDefensePHYDFOFWanted %Time %Time Play
1Kevin ConnautonEthan Prow1224032%15:59
2Ryan SheaIlya Solovyov1223538%18:51
3Eddie WittchowCalle Rosen1222526%12:57
4Kevin ConnautonEthan Prow12203%1:40
Power Play Forward
Line #Left WingCenterRight WingPHYDFOFWanted %Time %Time Play
1Jayson MegnaChris TerryMartin Frk1226057%2:28
2Chris TerryNikita NesterenkoJustin Brazeau1224043%1:52
Power Play Defense
Line #DefenseDefensePHYDFOFWanted %Time %Time Play
1Kevin ConnautonEthan Prow1226053%2:18
2Ryan SheaIlya Solovyov1224047%2:02
Penalty Kill 4 Players Forward
Line #CenterWingPHYDFOFWanted %Time %Time Play
1Chris TerryJayson Megna1226094%5:50
2Nikita NesterenkoChris Terry122406%0:23
Penalty Kill 4 Players Defense
Line #DefenseDefensePHYDFOFWanted %Time %Time Play
1Kevin ConnautonEthan Prow1226069%4:17
2Ryan SheaIlya Solovyov1224031%1:56
Penalty Kill 3 Players
Line #WingPHYDFOFWanted %Time %Time PlayDefenseDefensePHYDFOFWanted %Time %Time Play
1Chris Terry122600%0:00 Kevin ConnautonEthan Prow122600%0:00
2Nikita Nesterenko122400%0:00 Ryan SheaIlya Solovyov122400%0:00
4 vs 4 Forward
Line #CenterWingPHYDFOFWanted %Time %Time Play
1Chris TerryJayson Megna122600%0:00
2Nikita NesterenkoChris Terry122400%0:00
4 vs 4 Defense
Line #DefensePHYDFOFWanted %Time %Time Play
1Kevin ConnautonEthan Prow122600%0:00
2Ryan SheaIlya Solovyov122400%0:00
Last Minutes Offensive
Left WingCenterRight WingDefenseDefense
Jayson MegnaChris TerryMartin FrkKevin ConnautonEthan Prow
Last Minutes Defensive
Left WingCenterRight WingDefenseDefense
Jayson MegnaChris TerryMartin FrkKevin ConnautonEthan Prow
Time
Total ForwardTotal DefenseLast Minutes OffensiveLast Minutes Defensive
60:00 60:00 0:000:00
Extra Forwards
Normal PowerPlayPenalty Kill
Justin Brazeau, Jesper Froden, Ethen FrankJustin Brazeau, Jesper FrodenJustin Brazeau
Extra Defensemen
Normal PowerPlayPenalty Kill
Ilya Solovyov, Eddie Wittchow, Kevin ConnautonIlya Solovyov, Ilya SolovyovEddie Wittchow
Penalty Shots
Jayson Megna, Chris Terry, Drake Caggiula, Martin Frk, Justin Brazeau
Goalie
Dustin Tokarski, Anton Khudobin
Scratches
Jimmy Huntington (Healthy), Josh Melnick (Healthy), Austin Wagner (Healthy), Joseph Cecconi (Healthy), Sam Anas (Healthy) Zach Senyshyn (Healthy), Cameron Crotty (Healthy), Cole Maier (Healthy), Byron Froese (Healthy), Felix Robert (Healthy) Cole Clayton (Healthy), Zac Dalpe (Healthy), Marc McLaughlin (Healthy), Peetro Seppala (Healthy), Tyler Inamoto (Healthy) Matthew Murray (Healthy)

Barracuda

5 vs 5 Forward
Line #Left WingCenterRight WingPHYDFOFWanted %Time %Time Play
1Max McCormickElmer SoderblomMike Vecchione1224027%13:21
2Rudolfs BalcersTanner FritzNikita Pavlychev1223034%16:38
3Ryan WagnerPontus AndreassonMax McCormick1222023%11:29
4Alex GallantMaxim MarushevElmer Soderblom1221016%7:59
5 vs 5 Defense
Line #DefenseDefensePHYDFOFWanted %Time %Time Play
1Kaiden GuhleDylan Samberg1224039%19:23
2William LagessonTyler Kleven1223030%14:50
3David JiricekMichael Callahan1222025%12:14
4Kaiden GuhleDylan Samberg122106%3:00
Power Play Forward
Line #Left WingCenterRight WingPHYDFOFWanted %Time %Time Play
1Max McCormickElmer SoderblomMike Vecchione1226053%3:16
2Rudolfs BalcersTanner FritzNikita Pavlychev1224047%2:57
Power Play Defense
Line #DefenseDefensePHYDFOFWanted %Time %Time Play
1Kaiden GuhleDylan Samberg1226064%4:00
2William LagessonTyler Kleven1224036%2:13
Penalty Kill 4 Players Forward
Line #CenterWingPHYDFOFWanted %Time %Time Play
1Max McCormickElmer Soderblom1226080%3:29
2Mike VecchioneRudolfs Balcers1224020%0:51
Penalty Kill 4 Players Defense
Line #DefenseDefensePHYDFOFWanted %Time %Time Play
1Kaiden GuhleDylan Samberg1226057%2:27
2William LagessonTyler Kleven1224043%1:53
Penalty Kill 3 Players
Line #WingPHYDFOFWanted %Time %Time PlayDefenseDefensePHYDFOFWanted %Time %Time Play
1Max McCormick122600%0:00 Kaiden GuhleDylan Samberg122600%0:00
2Elmer Soderblom122400%0:00 William LagessonTyler Kleven122400%0:00
4 vs 4 Forward
Line #CenterWingPHYDFOFWanted %Time %Time Play
1Max McCormickElmer Soderblom122600%0:00
2Mike VecchioneRudolfs Balcers122400%0:00
4 vs 4 Defense
Line #DefensePHYDFOFWanted %Time %Time Play
1Kaiden GuhleDylan Samberg122600%0:00
2William LagessonTyler Kleven122400%0:00
Last Minutes Offensive
Left WingCenterRight WingDefenseDefense
Max McCormickElmer SoderblomMike VecchioneKaiden GuhleDylan Samberg
Last Minutes Defensive
Left WingCenterRight WingDefenseDefense
Max McCormickElmer SoderblomMike VecchioneKaiden GuhleDylan Samberg
Time
Total ForwardTotal DefenseLast Minutes OffensiveLast Minutes Defensive
60:00 60:00 0:000:00
Extra Forwards
Normal PowerPlayPenalty Kill
Mitchell Balmas, Brandon Baddock, Pontus AndreassonMitchell Balmas, Brandon BaddockPontus Andreasson
Extra Defensemen
Normal PowerPlayPenalty Kill
David Jiricek, Michael Callahan, William LagessonDavid Jiricek, Michael CallahanWilliam Lagesson
Penalty Shots
Max McCormick, Elmer Soderblom, Mike Vecchione, Rudolfs Balcers, Tanner Fritz
Goalie
Michael Houser, Kaden Fulcher
Scratches
Maxim Golod (Healthy), Tobie Paquette-Bisson (Healthy), Tristan Mullin (Healthy), Butrus Ghafari (Healthy), Gianni Fairbrother (Healthy) Morgan Adams-Moisan (Healthy), Tommy Apap (Healthy), Kirill Tyutyayev (Healthy), Jesper Vikman (Healthy)


Play-by-Play

1st period


0:01 of 1st period - Chris Terry wins face-off versus Elmer Soderblom in neutral zone.
0:06 of 1st period - Wrist shot by Chris Terry.
0:06 of 1st period - Stopped by Michael Houser with a rebound.
0:59 of 1st period - Max McCormick is hit by Ethan Prow and loses puck.
2:08 of 1st period - Dylan Samberg is hit by Nikita Nesterenko and loses puck.
2:16 of 1st period - Icing by Dylan Samberg.
2:17 of 1st period - Tanner Fritz wins face-off versus Joel L'Esperance in Barracuda zone.
2:30 of 1st period - Wrist shot by Joel L'Esperance.
2:30 of 1st period - Shot Misses the Net.
2:32 of 1st period - Slapshot by Riley Sheahan.
2:32 of 1st period - Shot Misses the Net.
2:46 of 1st period - Snap shot by Dylan Samberg.
2:46 of 1st period - Shot Misses the Net.
3:39 of 1st period - Snap shot by Jesper Froden.
3:39 of 1st period - Stopped by Michael Houser without a rebound.
3:40 of 1st period - Chris Terry wins face-off versus Tanner Fritz in Barracuda zone.
4:41 of 1st period - Maxim Marushev is hit by Kevin Connauton and loses puck.
4:48 of 1st period - Joona Koppanen is hit by Alex Gallant and loses puck.
5:19 of 1st period - Drake Caggiula is hit by Pontus Andreasson and loses puck.
5:34 of 1st period - Minor Penalty to David Jiricek for High sticking.
5:35 of 1st period - Jayson Megna wins face-off versus Max McCormick in Barracuda zone.
5:42 of 1st period - Snap shot by Chris Terry.
5:42 of 1st period - Shot Misses the Net.
5:44 of 1st period - Snap shot by Martin Frk.
5:44 of 1st period - Shot Misses the Net.
5:46 of 1st period - Snap shot by Jayson Megna.
5:46 of 1st period - Shot Blocked by Kaiden Guhle.
6:00 of 1st period - Ryan Shea is hit by Rudolfs Balcers and loses puck.
7:34 of 1st period - Penalty to David Jiricek is over, David Jiricek is back on ice.
7:45 of 1st period - Backhand shot by Tanner Fritz.
7:45 of 1st period - Stopped by Dustin Tokarski with a rebound.
7:47 of 1st period - Slapshot by Kaiden Guhle.
7:47 of 1st period - Shot Misses the Net.
8:24 of 1st period - Icing by Calle Rosen.
8:25 of 1st period - Maxim Marushev wins face-off versus Joona Koppanen in Stars zone.
8:28 of 1st period - Wrist shot by Alex Gallant.
8:28 of 1st period - Shot Blocked by Ethen Frank.
8:30 of 1st period - Snap shot by Rudolfs Balcers.
8:30 of 1st period - Stopped by Dustin Tokarski with a rebound.
8:32 of 1st period - Wrist shot by Rudolfs Balcers.
8:32 of 1st period - Goal by Rudolfs Balcers - Stars : 0 - Barracuda : 1.
8:33 of 1st period - Elmer Soderblom wins face-off versus Chris Terry in neutral zone.
8:42 of 1st period - Snap shot by Mike Vecchione.
8:42 of 1st period - Stopped by Dustin Tokarski with a rebound.
8:44 of 1st period - Slapshot by Max McCormick.
8:44 of 1st period - Shot Misses the Net.
8:46 of 1st period - Wrist shot by Max McCormick.
8:46 of 1st period - Stopped by Dustin Tokarski without a rebound.
8:47 of 1st period - Chris Terry wins face-off versus Elmer Soderblom in Stars zone.
9:20 of 1st period - Snap shot by Rudolfs Balcers.
9:20 of 1st period - Stopped by Dustin Tokarski with a rebound.
9:32 of 1st period - Snap shot by Joel L'Esperance.
9:32 of 1st period - Shot Blocked by Tyler Kleven.
9:36 of 1st period - Wrist shot by Jesper Froden.
9:36 of 1st period - Shot Misses the Net.
10:02 of 1st period - Wrist shot by Jayson Megna.
10:02 of 1st period - Goal by Jayson Megna - Stars : 1 - Barracuda : 1.
10:03 of 1st period - Tanner Fritz wins face-off versus Chris Terry in neutral zone.
10:17 of 1st period - Off-side.
10:18 of 1st period - Elmer Soderblom wins face-off versus Nikita Nesterenko in neutral zone.
10:21 of 1st period - Snap shot by Elmer Soderblom.
10:21 of 1st period - Shot Blocked by Justin Brazeau.
10:23 of 1st period - Snap shot by Elmer Soderblom.
10:23 of 1st period - Stopped by Dustin Tokarski with a rebound.
10:25 of 1st period - Wrist shot by Dylan Samberg.
10:25 of 1st period - Stopped by Dustin Tokarski with a rebound.
10:27 of 1st period - Wrist shot by Max McCormick.
10:27 of 1st period - Stopped by Dustin Tokarski without a rebound.
10:28 of 1st period - Elmer Soderblom wins face-off versus Justin Brazeau in Stars zone.
10:29 of 1st period - Snap shot by Mike Vecchione.
10:29 of 1st period - Stopped by Dustin Tokarski with a rebound.
10:31 of 1st period - Snap shot by Elmer Soderblom.
10:31 of 1st period - Shot Misses the Net.
10:35 of 1st period - Snap shot by Elmer Soderblom.
10:35 of 1st period - Shot Misses the Net.
10:37 of 1st period - Slapshot by Max McCormick.
10:37 of 1st period - Deflect By Elmer Soderblom.
10:37 of 1st period - Shot Blocked by Calle Rosen.
10:37 of 1st period - Puck is out of play.
10:38 of 1st period - Chris Terry wins face-off versus Elmer Soderblom in Stars zone.
10:45 of 1st period - Wrist shot by Elmer Soderblom.
10:45 of 1st period - Deflect By Chris Terry.
10:45 of 1st period - Stopped by Dustin Tokarski with a rebound.
10:47 of 1st period - Wrist shot by Max McCormick.
10:47 of 1st period - Deflect By Jayson Megna.
10:47 of 1st period - Shot Misses the Net.
10:47 of 1st period - Puck is out of play.
10:48 of 1st period - Martin Frk wins face-off versus Elmer Soderblom in Stars zone.
10:59 of 1st period - Wrist shot by Elmer Soderblom.
10:59 of 1st period - Shot Misses the Net.
11:01 of 1st period - Snap shot by Elmer Soderblom.
11:01 of 1st period - Stopped by Dustin Tokarski without a rebound.
11:02 of 1st period - Nikita Nesterenko wins face-off versus Elmer Soderblom in Stars zone.
11:07 of 1st period - Dylan Samberg is hit by Ryan Shea and loses puck.
11:47 of 1st period - Rudolfs Balcers is hit by Calle Rosen and loses puck.
12:00 of 1st period - Slapshot by Rudolfs Balcers.
12:00 of 1st period - Stopped by Dustin Tokarski without a rebound.
12:01 of 1st period - Elmer Soderblom wins face-off versus Chris Terry in Stars zone.
12:04 of 1st period - Snap shot by Max McCormick.
12:04 of 1st period - Stopped by Dustin Tokarski with a rebound.
12:06 of 1st period - Snap shot by Max McCormick.
12:06 of 1st period - Shot Misses the Net.
12:07 of 1st period - Max McCormick and Kevin Connauton fight to a draw.
12:07 of 1st period - Penalty to Max McCormick for Fighting.
12:07 of 1st period - Penalty to Kevin Connauton for Fighting.
12:08 of 1st period - Chris Terry wins face-off versus Elmer Soderblom in Stars zone.
12:55 of 1st period - Dylan Samberg is hit by Riley Sheahan and loses puck.
13:12 of 1st period - Slapshot by Kaiden Guhle.
13:12 of 1st period - Stopped by Dustin Tokarski without a rebound.
13:13 of 1st period - Chris Terry wins face-off versus Pontus Andreasson in Stars zone.
13:22 of 1st period - Martin Frk is hit by William Lagesson and loses puck.
13:39 of 1st period - Calle Rosen is hit by Elmer Soderblom and loses puck.
14:45 of 1st period - Jayson Megna is hit by Kaiden Guhle and loses puck.
15:14 of 1st period - Snap shot by Jesper Froden.
15:14 of 1st period - Shot Blocked by David Jiricek.
16:03 of 1st period - Wrist shot by Drake Caggiula.
16:03 of 1st period - Shot Blocked by William Lagesson.
16:13 of 1st period - Drake Caggiula is hit by Rudolfs Balcers.
16:19 of 1st period - Rudolfs Balcers is hit by Martin Frk and loses puck.
16:39 of 1st period - Ethan Prow is hit by Mitchell Balmas and loses puck.
17:33 of 1st period - Tyler Kleven is hit by Jesper Froden and loses puck.
18:21 of 1st period - Max McCormick is hit by Justin Brazeau and loses puck.
18:30 of 1st period - Ethan Prow is hit by Mike Vecchione and loses puck.
18:55 of 1st period - Icing by Alex Gallant.
18:56 of 1st period - Adam Brooks wins face-off versus Pontus Andreasson in Barracuda zone.
18:59 of 1st period - Snap shot by Joona Koppanen.
18:59 of 1st period - Stopped by Michael Houser without a rebound.
19:00 of 1st period - Max McCormick wins face-off versus Adam Brooks in Barracuda zone.
19:10 of 1st period - Minor Penalty to Ilya Solovyov for Roughing.
19:11 of 1st period - Elmer Soderblom wins face-off versus Chris Terry in Stars zone.
19:13 of 1st period - Snap shot by Max McCormick.
19:13 of 1st period - Shot Misses the Net.
19:15 of 1st period - Slapshot by Dylan Samberg.
19:15 of 1st period - Shot Blocked by Ethan Prow.
19:17 of 1st period - Wrist shot by Max McCormick.
19:17 of 1st period - Stopped by Dustin Tokarski with a rebound.
19:19 of 1st period - Slapshot by Dylan Samberg.
19:19 of 1st period - Shot Misses the Net.
19:21 of 1st period - Slapshot by Kaiden Guhle.
19:21 of 1st period - Shot Blocked by Jayson Megna.
19:23 of 1st period - Slapshot by Kaiden Guhle.
19:23 of 1st period - Shot Misses the Net.
Goals for this period are 1 for Stars vs 1 for Barracuda.
Shots for this period are 4 for Stars vs 16 for Barracuda.

2nd period


0:01 of 2nd period - Chris Terry wins face-off versus Elmer Soderblom in neutral zone.
1:10 of 2nd period - Penalty to Ilya Solovyov is over, Ilya Solovyov is back on ice.
1:10 of 2nd period - Off-side.
1:11 of 2nd period - Elmer Soderblom wins face-off versus Joel L'Esperance in neutral zone.
1:13 of 2nd period - Off-side.
1:14 of 2nd period - Elmer Soderblom wins face-off versus Joel L'Esperance in neutral zone.
1:19 of 2nd period - Wrist shot by Max McCormick.
1:19 of 2nd period - Shot Blocked by Joel L'Esperance.
1:21 of 2nd period - Wrist shot by Mike Vecchione.
1:21 of 2nd period - Shot Blocked by Ilya Solovyov.
1:28 of 2nd period - Icing by Ilya Solovyov.
1:29 of 2nd period - Tanner Fritz wins face-off versus Joel L'Esperance in Stars zone.
1:46 of 2nd period - Icing by Riley Sheahan.
1:47 of 2nd period - Elmer Soderblom wins face-off versus Joel L'Esperance in Stars zone.
1:50 of 2nd period - Snap shot by Max McCormick.
1:50 of 2nd period - Shot Misses the Net.
1:52 of 2nd period - Slapshot by Dylan Samberg.
1:52 of 2nd period - Stopped by Dustin Tokarski without a rebound.
1:53 of 2nd period - Chris Terry wins face-off versus Elmer Soderblom in Stars zone.
2:00 of 2nd period - Snap shot by Elmer Soderblom.
2:00 of 2nd period - Shot Misses the Net.
2:10 of 2nd period - Dylan Samberg is hit by Ethan Prow and loses puck.
2:29 of 2nd period - Wrist shot by Mike Vecchione.
2:29 of 2nd period - Stopped by Dustin Tokarski with a rebound.
2:31 of 2nd period - Slapshot by Kaiden Guhle.
2:31 of 2nd period - Stopped by Dustin Tokarski with a rebound.
2:39 of 2nd period - Snap shot by Max McCormick.
2:39 of 2nd period - Shot Misses the Net.
3:05 of 2nd period - Wrist shot by Mike Vecchione.
3:05 of 2nd period - Stopped by Dustin Tokarski with a rebound.
3:07 of 2nd period - Snap shot by Elmer Soderblom.
3:07 of 2nd period - Shot Blocked by Kevin Connauton.
3:11 of 2nd period - Slapshot by Elmer Soderblom.
3:11 of 2nd period - Shot Misses the Net.
3:13 of 2nd period - Slapshot by Kaiden Guhle.
3:13 of 2nd period - Stopped by Dustin Tokarski with a rebound.
3:15 of 2nd period - Wrist shot by Mike Vecchione.
3:15 of 2nd period - Stopped by Dustin Tokarski with a rebound.
3:17 of 2nd period - Wrist shot by Mike Vecchione.
3:17 of 2nd period - Deflect By Drake Caggiula.
3:17 of 2nd period - Stopped by Dustin Tokarski without a rebound.
3:18 of 2nd period - Tanner Fritz wins face-off versus Chris Terry in Stars zone.
3:34 of 2nd period - Icing by William Lagesson.
3:35 of 2nd period - Tanner Fritz wins face-off versus Joel L'Esperance in Barracuda zone.
3:57 of 2nd period - Slapshot by Tanner Fritz.
3:57 of 2nd period - Stopped by Dustin Tokarski with a rebound.
3:59 of 2nd period - Wrist shot by Nikita Pavlychev.
3:59 of 2nd period - Shot Blocked by Ryan Shea.
4:01 of 2nd period - Wrist shot by Rudolfs Balcers.
4:01 of 2nd period - Shot Misses the Net.
4:03 of 2nd period - Snap shot by Nikita Pavlychev.
4:03 of 2nd period - Stopped by Dustin Tokarski with a rebound.
4:05 of 2nd period - Slapshot by Rudolfs Balcers.
4:05 of 2nd period - Stopped by Dustin Tokarski with a rebound.
4:07 of 2nd period - Snap shot by Nikita Pavlychev.
4:07 of 2nd period - Shot Misses the Net.
4:09 of 2nd period - Snap shot by William Lagesson.
4:09 of 2nd period - Stopped by Dustin Tokarski with a rebound.
4:15 of 2nd period - Snap shot by Rudolfs Balcers.
4:15 of 2nd period - Stopped by Dustin Tokarski with a rebound.
4:17 of 2nd period - Backhand shot by Tyler Kleven.
4:17 of 2nd period - Stopped by Dustin Tokarski without a rebound.
4:18 of 2nd period - Ryan Wagner wins face-off versus Chris Terry in Stars zone.
4:21 of 2nd period - Slapshot by Dylan Samberg.
4:21 of 2nd period - Stopped by Dustin Tokarski without a rebound.
4:22 of 2nd period - Chris Terry wins face-off versus Pontus Andreasson in Stars zone.
4:25 of 2nd period - Slapshot by Max McCormick.
4:25 of 2nd period - Stopped by Dustin Tokarski without a rebound.
4:26 of 2nd period - Pontus Andreasson wins face-off versus Chris Terry in Stars zone.
4:41 of 2nd period - Slapshot by Martin Frk.
4:41 of 2nd period - Stopped by Michael Houser with a rebound.
4:53 of 2nd period - Snap shot by Jesper Froden.
4:53 of 2nd period - Shot Blocked by Kaiden Guhle.
5:21 of 2nd period - Nikita Nesterenko is hit by Tanner Fritz and loses puck.
5:46 of 2nd period - Slapshot by Kaiden Guhle.
5:46 of 2nd period - Stopped by Dustin Tokarski without a rebound.
5:47 of 2nd period - Joel L'Esperance wins face-off versus Maxim Marushev in Stars zone.
6:02 of 2nd period - Wrist shot by Joel L'Esperance.
6:02 of 2nd period - Stopped by Michael Houser without a rebound.
6:03 of 2nd period - Chris Terry wins face-off versus Elmer Soderblom in Barracuda zone.
6:06 of 2nd period - Snap shot by Chris Terry.
6:06 of 2nd period - Goal by Chris Terry - Stars : 2 - Barracuda : 1.
6:07 of 2nd period - Elmer Soderblom wins face-off versus Chris Terry in neutral zone.
6:32 of 2nd period - Ethan Prow is hit by Nikita Pavlychev and loses puck.
7:01 of 2nd period - Kaiden Guhle is hit by Eddie Wittchow and loses puck.
7:34 of 2nd period - Tanner Fritz is hit by Chris Terry and loses puck.
8:07 of 2nd period - Wrist shot by Justin Brazeau.
8:07 of 2nd period - Stopped by Michael Houser without a rebound.
8:08 of 2nd period - Joel L'Esperance wins face-off versus Max McCormick in Barracuda zone.
8:09 of 2nd period - Slapshot by Jesper Froden.
8:09 of 2nd period - Stopped by Michael Houser without a rebound.
8:10 of 2nd period - Pontus Andreasson wins face-off versus Joel L'Esperance in Barracuda zone.
8:40 of 2nd period - Wrist shot by Martin Frk.
8:40 of 2nd period - Shot Misses the Net.
8:42 of 2nd period - Snap shot by Jayson Megna.
8:42 of 2nd period - Stopped by Michael Houser without a rebound.
8:43 of 2nd period - Chris Terry wins face-off versus Elmer Soderblom in Barracuda zone.
9:08 of 2nd period - Minor Penalty to Elmer Soderblom for Hooking.
9:09 of 2nd period - Chris Terry wins face-off versus Max McCormick in Barracuda zone.
9:14 of 2nd period - Backhand shot by Jayson Megna.
9:14 of 2nd period - Goal by Jayson Megna - Stars : 3 - Barracuda : 1.
9:15 of 2nd period - Elmer Soderblom wins face-off versus Chris Terry in neutral zone.
9:45 of 2nd period - Tanner Fritz is hit by Drake Caggiula and loses puck.
10:05 of 2nd period - Minor Penalty to Jesper Froden for Interference.
10:06 of 2nd period - Elmer Soderblom wins face-off versus Chris Terry in Stars zone.
10:09 of 2nd period - Snap shot by Mike Vecchione.
10:09 of 2nd period - Stopped by Dustin Tokarski with a rebound.
10:11 of 2nd period - Wrist shot by Max McCormick.
10:11 of 2nd period - Stopped by Dustin Tokarski without a rebound.
10:12 of 2nd period - Elmer Soderblom wins face-off versus Chris Terry in Stars zone.
10:19 of 2nd period - Snap shot by Elmer Soderblom.
10:19 of 2nd period - Stopped by Dustin Tokarski with a rebound.
10:21 of 2nd period - Snap shot by Mike Vecchione.
10:21 of 2nd period - Goal by Mike Vecchione - Stars : 3 - Barracuda : 2.
10:22 of 2nd period - Elmer Soderblom wins face-off versus Chris Terry in neutral zone.
11:34 of 2nd period - Slapshot by Jayson Megna.
11:34 of 2nd period - Stopped by Michael Houser with a rebound.
11:36 of 2nd period - Slapshot by Eddie Wittchow.
11:36 of 2nd period - Stopped by Michael Houser with a rebound.
12:16 of 2nd period - Ethen Frank is hit by William Lagesson and loses puck.
12:43 of 2nd period - Minor Penalty to Elmer Soderblom for Hooking.
12:44 of 2nd period - Max McCormick wins face-off versus Chris Terry in Barracuda zone.
12:51 of 2nd period - Wrist shot by Martin Frk.
12:51 of 2nd period - Goal by Martin Frk - Stars : 4 - Barracuda : 2.
12:51 of 2nd period - Kaden Fulcher enters game.
12:52 of 2nd period - Chris Terry wins face-off versus Elmer Soderblom in neutral zone.
13:21 of 2nd period - Kaiden Guhle is hit by Justin Brazeau and loses puck.
13:28 of 2nd period - Nikita Pavlychev is hit by Justin Brazeau and loses puck.
13:44 of 2nd period - Slapshot by William Lagesson.
13:44 of 2nd period - Shot Blocked by Ethan Prow.
13:46 of 2nd period - Slapshot by William Lagesson.
13:46 of 2nd period - Stopped by Dustin Tokarski without a rebound.
13:47 of 2nd period - Maxim Marushev wins face-off versus Joel L'Esperance in Stars zone.
14:43 of 2nd period - Wrist shot by Adam Brooks.
14:43 of 2nd period - Shot Blocked by Tanner Fritz.
14:53 of 2nd period - Snap shot by Nikita Pavlychev.
14:53 of 2nd period - Goal by Nikita Pavlychev - Stars : 4 - Barracuda : 3.
14:54 of 2nd period - Chris Terry wins face-off versus Elmer Soderblom in neutral zone.
14:57 of 2nd period - Slapshot by Ethan Prow.
14:57 of 2nd period - Stopped by Kaden Fulcher without a rebound.
14:58 of 2nd period - Chris Terry wins face-off versus Elmer Soderblom in Barracuda zone.
15:01 of 2nd period - Snap shot by Martin Frk.
15:01 of 2nd period - Shot Misses the Net.
15:03 of 2nd period - Snap shot by Martin Frk.
15:03 of 2nd period - Deflect By Jayson Megna.
15:03 of 2nd period - Stopped by Kaden Fulcher without a rebound.
15:04 of 2nd period - Chris Terry wins face-off versus Elmer Soderblom in Barracuda zone.
15:18 of 2nd period - Slapshot by Kevin Connauton.
15:18 of 2nd period - Stopped by Kaden Fulcher with a rebound.
15:20 of 2nd period - Snap shot by Jayson Megna.
15:20 of 2nd period - Deflect By Martin Frk.
15:20 of 2nd period - Shot Blocked by Max McCormick.
15:20 of 2nd period - Puck is out of play.
15:21 of 2nd period - Nikita Nesterenko wins face-off versus Tanner Fritz in Barracuda zone.
15:36 of 2nd period - Wrist shot by Justin Brazeau.
15:36 of 2nd period - Stopped by Kaden Fulcher without a rebound.
15:37 of 2nd period - Max McCormick wins face-off versus Martin Frk in Barracuda zone.
15:58 of 2nd period - Ryan Shea is hit by Mike Vecchione and loses puck.
16:31 of 2nd period - Slapshot by Dylan Samberg.
16:31 of 2nd period - Stopped by Dustin Tokarski without a rebound.
16:32 of 2nd period - Tanner Fritz wins face-off versus Nikita Nesterenko in Stars zone.
16:35 of 2nd period - Wrist shot by Rudolfs Balcers.
16:35 of 2nd period - Stopped by Dustin Tokarski with a rebound.
16:53 of 2nd period - Minor Penalty to Nikita Nesterenko for High sticking.
16:54 of 2nd period - Chris Terry wins face-off versus Tanner Fritz in Stars zone.
17:09 of 2nd period - Snap shot by Tanner Fritz.
17:09 of 2nd period - Stopped by Dustin Tokarski with a rebound.
17:19 of 2nd period - Jayson Megna is hit by Mike Vecchione.
18:53 of 2nd period - Penalty to Nikita Nesterenko is over, Nikita Nesterenko is back on ice.
19:14 of 2nd period - Slapshot by Chris Terry.
19:14 of 2nd period - Shot Misses the Net.
Goals for this period are 3 for Stars vs 2 for Barracuda.
Shots for this period are 14 for Stars vs 25 for Barracuda.

3rd period


0:01 of 3rd period - Elmer Soderblom wins face-off versus Nikita Nesterenko in neutral zone.
0:26 of 3rd period - Kaiden Guhle is hit by Jesper Froden and loses puck.
1:11 of 3rd period - Wrist shot by Maxim Marushev.
1:11 of 3rd period - Stopped by Dustin Tokarski with a rebound.
1:33 of 3rd period - Slapshot by Nikita Nesterenko.
1:33 of 3rd period - Stopped by Kaden Fulcher with a rebound.
1:49 of 3rd period - Wrist shot by Riley Sheahan.
1:49 of 3rd period - Shot Blocked by Dylan Samberg.
1:51 of 3rd period - Slapshot by Ryan Shea.
1:51 of 3rd period - Shot Blocked by Dylan Samberg.
1:53 of 3rd period - Snap shot by Ryan Shea.
1:53 of 3rd period - Shot Misses the Net.
1:55 of 3rd period - Slapshot by Ilya Solovyov.
1:55 of 3rd period - Shot Misses the Net.
2:13 of 3rd period - Snap shot by Jayson Megna.
2:13 of 3rd period - Stopped by Kaden Fulcher with a rebound.
2:21 of 3rd period - Minor Penalty to Kaiden Guhle for Slashing.
2:22 of 3rd period - Jayson Megna wins face-off versus Pontus Andreasson in Barracuda zone.
2:27 of 3rd period - Snap shot by Chris Terry.
2:27 of 3rd period - Shot Misses the Net.
2:29 of 3rd period - Wrist shot by Jayson Megna.
2:29 of 3rd period - Goal by Jayson Megna - Stars : 5 - Barracuda : 3.
2:30 of 3rd period - Nikita Nesterenko wins face-off versus Max McCormick in neutral zone.
2:33 of 3rd period - Slapshot by Kevin Connauton.
2:33 of 3rd period - Deflect By Elmer Soderblom.
2:33 of 3rd period - Stopped by Kaden Fulcher with a rebound.
3:25 of 3rd period - Ilya Solovyov beats up Ryan Wagner.
3:25 of 3rd period - Penalty to Ryan Wagner for Fighting.
3:25 of 3rd period - Penalty to Ilya Solovyov for Fighting.
3:25 of 3rd period - Penalty to Ilya Solovyov for instigated a fight.
3:25 of 3rd period - Penalty to Ilya Solovyov for instigated a fight.
3:26 of 3rd period - Elmer Soderblom wins face-off versus Chris Terry in Stars zone.
3:39 of 3rd period - Kevin Connauton is hit by Kaiden Guhle and loses puck.
3:59 of 3rd period - Off-side.
4:00 of 3rd period - Tanner Fritz wins face-off versus Chris Terry in neutral zone.
5:25 of 3rd period - Penalty to Ilya Solovyov is over, Drake Caggiula is send on ice.
5:36 of 3rd period - Slapshot by Ethen Frank.
5:36 of 3rd period - Shot Blocked by William Lagesson.
5:38 of 3rd period - Slapshot by Calle Rosen.
5:38 of 3rd period - Stopped by Kaden Fulcher with a rebound.
5:42 of 3rd period - Snap shot by Ethen Frank.
5:42 of 3rd period - Shot Misses the Net.
6:24 of 3rd period - Snap shot by Calle Rosen.
6:24 of 3rd period - Stopped by Kaden Fulcher with a rebound.
6:26 of 3rd period - Slapshot by Calle Rosen.
6:26 of 3rd period - Shot Misses the Net.
6:44 of 3rd period - Michael Callahan is hit by Ryan Shea and loses puck.
8:23 of 3rd period - Tyler Kleven is hit by Calle Rosen and loses puck.
9:01 of 3rd period - Eddie Wittchow is hit by Pontus Andreasson and loses puck.
9:22 of 3rd period - Rudolfs Balcers is hit by Ryan Shea and loses puck.
9:47 of 3rd period - Pontus Andreasson is hit by Ethan Prow and loses puck.
10:42 of 3rd period - William Lagesson is hit by Chris Terry and loses puck.
11:49 of 3rd period - Off-side.
11:50 of 3rd period - Maxim Marushev wins face-off versus Nikita Nesterenko in neutral zone.
12:04 of 3rd period - Off-side.
12:05 of 3rd period - Chris Terry wins face-off versus Tanner Fritz in neutral zone.
12:08 of 3rd period - Wrist shot by Chris Terry.
12:08 of 3rd period - Stopped by Kaden Fulcher with a rebound.
12:23 of 3rd period - Icing by Chris Terry.
12:24 of 3rd period - Joel L'Esperance wins face-off versus Elmer Soderblom in Stars zone.
13:21 of 3rd period - Slapshot by Rudolfs Balcers.
13:21 of 3rd period - Shot Blocked by Kevin Connauton.
13:23 of 3rd period - Snap shot by William Lagesson.
13:23 of 3rd period - Shot Misses the Net.
13:25 of 3rd period - Snap shot by Rudolfs Balcers.
13:25 of 3rd period - Barracuda goal is going for a video replay.
13:25 of 3rd period - The goal is refused. The goalkeeper has been pushed into the net together with the puck after making a save..
13:26 of 3rd period - Nikita Nesterenko wins face-off versus Mike Vecchione in Stars zone.
14:02 of 3rd period - Wrist shot by Drake Caggiula.
14:02 of 3rd period - Stopped by Kaden Fulcher without a rebound.
14:03 of 3rd period - Rudolfs Balcers wins face-off versus Jayson Megna in Barracuda zone.
14:28 of 3rd period - Kaiden Guhle is hit by Joel L'Esperance.
14:44 of 3rd period - Slapshot by Kevin Connauton.
14:44 of 3rd period - Deflect By David Jiricek.
14:44 of 3rd period - Stopped by Kaden Fulcher with a rebound.
15:02 of 3rd period - Snap shot by Justin Brazeau.
15:02 of 3rd period - Shot Misses the Net.
15:04 of 3rd period - Slapshot by Nikita Nesterenko.
15:04 of 3rd period - Stopped by Kaden Fulcher with a rebound.
15:06 of 3rd period - Slapshot by Ethan Prow.
15:06 of 3rd period - Goal by Ethan Prow - Stars : 6 - Barracuda : 3.
15:07 of 3rd period - Mike Vecchione wins face-off versus Chris Terry in neutral zone.
15:32 of 3rd period - Drake Caggiula is hit by Dylan Samberg and loses puck.
15:59 of 3rd period - Riley Sheahan is hit by William Lagesson and loses puck.
16:26 of 3rd period - Snap shot by Ethan Prow.
16:26 of 3rd period - Stopped by Kaden Fulcher without a rebound.
16:27 of 3rd period - Chris Terry wins face-off versus Tanner Fritz in Barracuda zone.
16:35 of 3rd period - Minor Penalty to Nikita Pavlychev for Goalie Interference.
16:36 of 3rd period - Chris Terry wins face-off versus Max McCormick in Barracuda zone.
17:01 of 3rd period - Dylan Samberg is hit by Justin Brazeau and loses puck.
18:25 of 3rd period - 10 Minutes Misconduct Penalty to Ilya Solovyov is over.
18:35 of 3rd period - Penalty to Nikita Pavlychev is over, Nikita Pavlychev is back on ice.
18:46 of 3rd period - Snap shot by Joona Koppanen.
18:46 of 3rd period - Shot Blocked by Nikita Pavlychev.
18:48 of 3rd period - Backhand shot by Eddie Wittchow.
18:48 of 3rd period - Shot Misses the Net.
18:50 of 3rd period - Slapshot by Calle Rosen.
18:50 of 3rd period - Deflect By David Jiricek.
18:50 of 3rd period - Stopped by Kaden Fulcher with a rebound.
18:52 of 3rd period - Wrist shot by Ethen Frank.
18:52 of 3rd period - Shot Misses the Net.
19:30 of 3rd period - Kaiden Guhle is hit by Justin Brazeau and loses puck.
Goals for this period are 2 for Stars vs 0 for Barracuda.
Shots for this period are 13 for Stars vs 2 for Barracuda.